 Dungeon Crawl Stone Soup version 0.28-a0-390-gb254ac4902 (webtiles) character file.

Game seed: 11898447570814104973

1809 zdrol the Protected (level 8, -5/65 (70) HPs)
             Began as a Minotaur Fighter on Sept 4, 2021.
             Slain by a wight (6 damage)
             ... on level 6 of the Dungeon.
             The game lasted 00:17:48 (5481 turns).

zdrol the Protected (Minotaur Fighter)              Turns: 5481, Time: 00:17:49

HP:   -5/65 (70)    AC:  9    Str: 27    XL:     8   Next: 84%
MP:   7/7           EV: 11    Int:  5    God:
Gold: 211           SH:  5    Dex: 12    Spells: 7/7 levels left

rFire   . . .      SeeInvis +   k - +1 short sword (speed)
rCold   . . .      Faith    .   c - +0 buckler
rNeg    . . .      Spirit   .   b - +0 scale mail
rPois   .          Reflect  .   (helmet restricted)
rElec   .          Harm     .   h - +0 cloak
rCorr   .          Rampage  .   (no gloves)
Will    .....                   (no boots)
Stlth   ..........              (no amulet)
HPRegen 0.20/turn               F - ring of see invisible
MPRegen 0.10/turn               m - +6 ring of strength

@: drained
A: horns 2, retaliatory headbutt
a: no special abilities


You were on level 6 of the Dungeon.
You visited 1 branch of the dungeon, and saw 6 of its levels.

You collected 211 gold pieces.

Inventory:

Hand Weapons
 a - a +0 flail
 k - a +1 short sword of speed (weapon)
 N - a +0 vorpal spear
Missiles
 g - 6 poisoned darts
 L - 4 datura-tipped darts
Armour
 b - a +0 scale mail (worn)
 c - a +0 buckler (worn)
 h - a +0 cloak (worn)
Magical Staves
 n - a staff of air
 v - a staff of cold
 C - a staff of poison
 K - a staff of fire
Jewellery
 m - a +6 ring of strength (right hand)
 t - a +6 ring of intelligence
 A - a ring of resist corrosion
 F - a ring of see invisible (left hand)
Wands
 G - a wand of iceblast (2) (quivered)
 H - a wand of mindburst (11)
Scrolls
 e - 2 scrolls of magic mapping
 f - a scroll of amnesia
 l - a scroll of holy word {unknown}
 q - a scroll of fog {unknown}
 r - a scroll of summoning {unknown}
 s - a scroll of torment {unknown}
 u - a scroll of blinking {unknown}
 w - 2 scrolls of vulnerability {unknown}
 x - a scroll of enchant armour {unknown}
 y - a scroll of enchant weapon {unknown}
 z - 2 scrolls of teleportation {unknown}
 E - a scroll of brand weapon {unknown}
 M - 4 scrolls of identify
Potions
 d - 2 potions of might
 i - a potion of heal wounds
 j - a potion of mutation {unknown}
 o - 2 potions of haste {unknown}
 p - a potion of degeneration {unknown}
 B - 2 potions of flight {unknown}
 D - 4 potions of curing {unknown}
 I - a potion of invisibility {unknown}
 J - 2 potions of brilliance {unknown}


   Skills:
 + Level 6.1 Fighting
 + Level 6.2 Short Blades
 + Level 3.8 Maces & Flails
 + Level 1.6 Throwing
 + Level 8.4 Armour
 + Level 3.2 Dodging
 + Level 0.8 Stealth
 * Level 5.8 Shields
 + Level 0.7 Evocations


You had 7 spell levels left.
You didn't know any spells.
Your spell library contained the following spells:

 Spells                   Type           Power      Damage    Failure   Level
 Blink                    Tloc           N/A        N/A       85%         2
 Passwall                 Tmut/Erth      0%         N/A       85%         2
 Slow                     Hex            0%         N/A       85%         2
 Confusing Touch          Hex            0%         N/A       97%         3
 Conjure Flame            Conj/Fire      0%         6-21      97%         3
 Ignite Poison            Fire/Tmut/Pois 0%         N/A       97%         3
 Lesser Beckoning         Tloc           0%         N/A       97%         3
 Swiftness                Air            0%         N/A       97%         3
 Sticky Flame             Conj/Fire      0%         2d3       100%        4
 Manifold Assault         Tloc           0%         N/A       100%        5
 Yara's Violent Unravell  Hex/Tmut       0%         3d3       100%        5
 Invisibility             Hex            0%         N/A       100%        6


Dungeon Overview and Level Annotations

Branches:
Dungeon (6/15)             Temple (0/1) D:6

Altars:
Makhleb
Vehumet


Innate Abilities, Weirdness & Mutations

You have a pair of horns on your head.
You reflexively headbutt those who attack you in melee.


Message History

* * * LOW HITPOINT WARNING * * *
Your Dodging skill increases to level 3!
Aiming: Iceblast
Press: ? - help, Q - select action, (/) - cycle Shift-Dir - straight line, f - wight
Aim: a wight, wielding a +2 morningstar and wearing a +0 robe That beam is likely to hit you.
Continue anyway?
Okay, then.
Aiming: Iceblast
Press: ? - help, Q - select action, (/) - cycle Shift-Dir - straight line, f - wight, p - wight
Aim: a wight, wielding a +0 hand axe and wearing a +0 robe
Okay, then.
You puncture the wight! Your headbutt misses the wight.
The wight is severely damaged.
The wight hits you but does no damage.
You hit the wight.
The wight is almost destroyed.
You completely miss the wight.
The wight is almost destroyed.
The wight closely misses you. You furiously retaliate!
You headbutt the wight, but do no damage.
You hit the wight.
You destroy the wight!
You closely miss the wight.
The wight is heavily damaged.
You hit the wight but do no damage.
The wight is heavily damaged.
You closely miss the wight. The wight hits you but does no damage.
You hit the wight but do no damage.
You headbutt the wight, but do no damage.
The wight hits you with a +0 hand axe.
* * * LOW HITPOINT WARNING * * *
You hit the wight.
The wight is lightly damaged.
You block the wight's attack.
You hit the wight but do no damage.
The wight is lightly damaged.
You barely miss the wight.
The wight is heavily damaged.
The wight hits you with a +3 falchion of freezing.
You die...

#..##..##.....#.......
+..##+###....##.......
#..##..##....##..>...#
#..##...#....##......#
#.......#.....#......#
#.......#.....'.>....#
#####).###).###..##..'
#..##z####..###..##..#
#...z@z.#........###+#
#.......#.........+...
#.......#.........#...
#.......#.........#...
#..##..###..##...###..
##..##..###..##...#####
#...#........#.........
#...#........'.........
#...#........#.........


You could see 3 wights.

Vanquished Creatures
  Pikel (D:5)
  Sigmund (D:2)
  Eustachio (D:5)
  A water moccasin (D:4)
  2 necrophages
  3 lemures (D:5)
  Blork the orc (D:5)
  3 scorpions
  A wyvern zombie (D:6)
  2 wights (D:6)
  A crimson imp (D:4)
  2 jellies (D:6)
  2 hounds
  Natasha (thrice) (D:2)
  An orc wizard (D:6)
  2 iguanas
  A howler monkey skeleton (D:5)
  4 adders
  2 dart slugs
  7 orcs
  5 endoplasms
  4 giant cockroaches
  4 hobgoblins
  3 jackals (D:1)
  3 quokkas
  8 ball pythons
  4 bats
  5 frilled lizards
  6 goblins
  6 kobolds
  5 rats
94 creatures vanquished.

Vanquished Creatures (others)
  30 plants (D:2)
30 creatures vanquished.

Grand Total: 124 creatures vanquished

Notes
Turn   | Place    | Note
-------+----------+-------------------------------------------
     0 | D:1      | zdrol the Minotaur Fighter began the quest for the Orb.
     0 | D:1      | Reached XP level 1. HP: 19/19 MP: 0/0
   173 | D:1      | Reached XP level 2. HP: 27/27 MP: 1/1
   472 | D:1      | Found a faded altar of an unknown god.
   501 | D:1      | You fall into a shaft and drop 1 floor!
   553 | D:2      | Noticed Sigmund
   569 | D:2      | Killed Sigmund
   570 | D:2      | Reached skill level 4 in Armour
   570 | D:2      | Reached XP level 3. HP: 18/34 MP: 2/2
   570 | D:2      | Reached XP level 4. HP: 22/41 MP: 3/3
   570 | D:2      | Reached XP level 5. HP: 25/47 MP: 4/4
   598 | D:2      | Reached skill level 5 in Armour
   751 | D:2      | Noticed Natasha
   770 | D:2      | Killed Natasha
   777 | D:2      | Noticed Natasha
   788 | D:2      | Killed Natasha
   789 | D:2      | Reached skill level 1 in Short Blades
  1881 | D:2      | Noticed Natasha
  1885 | D:2      | Killed Natasha
  1886 | D:2      | Reached XP level 6. HP: 55/55 MP: 5/5
  2274 | D:3      | Reached skill level 5 in Fighting
  2274 | D:3      | Reached skill level 1 in Dodging
  2987 | D:5      | Entered Level 5 of the Dungeon
  3228 | D:4      | Reached skill level 5 in Shields
  3267 | D:4      | Noticed a water moccasin
  3278 | D:4      | Killed a water moccasin
  3448 | D:4      | Found a burning altar of Makhleb.
  3448 | D:4      | Found a radiant altar of Vehumet.
  3454 | D:4      | Reached XP level 7. HP: 55/61 MP: 6/6
  3612 | D:4      | Reached skill level 6 in Armour
  3917 | D:4      | You fall into a shaft and drop 1 floor!
  3992 | D:5      | Noticed Eustachio
  4007 | D:5      | Killed Eustachio
  4206 | D:5      | Noticed Pikel
  4227 | D:5      | Killed Pikel
  4228 | D:5      | Reached skill level 5 in Short Blades
  4228 | D:5      | Reached skill level 1 in Throwing
  4228 | D:5      | Reached skill level 7 in Armour
  4228 | D:5      | Reached XP level 8. HP: 13/70 MP: 7/7
  4570 | D:5      | Noticed Blork the orc
  4575 | D:5      | Killed Blork the orc
  4576 | D:5      | Reached skill level 8 in Armour
  5263 | D:6      | Found a staircase to the Ecumenical Temple.
  5478 | D:6      | HP: 1/65 [wight (5)]
  5481 | D:6      | Slain by a wight

Illustrated notes

Levels and vault maps discovered:
D:1:      dpeg_arrival_pits, layout_basic,
          hellmonk_ecumenical_altar_leap_of_faith
D:2:      layout_loops_ring, serial_bayou_lagoon_a,
          minmay_misc_feat_more_columns, feat_on_display, uniq_natasha,
          uniq_sigmund
D:3:      layout_basic, serial_bayou_pond_e
D:4:      layout_cave_pods, grunt_temple_overflow_lords_of_destruction,
          corexii_item_surrounded_by_moat
D:5:      layout_basic, uniq_blork_the_orc, uniq_eustachio, uniq_pikel
D:6:      layout_gridville, minmay_temple_entry_butterflies

Skill      XL: |  1  2  3  4  5  6  7  8 |
---------------+-------------------------+-----
Fighting       | 4 5 6 |  6.1
Maces & Flails | 3 |  3.8
Armour         | 4 5 7 8 |  8.4
Shields        | 4 5 |  5.8
Short Blades   | 1 3 5 6 |  6.2
Dodging        | 1 2 3 |  3.2
Throwing       | 1 |  1.6
Stealth        | |  0.8
Evocations     | |  0.7

Action                   |  1- 3 |  4- 6 |  7- 9 || total
-------------------------+-------+-------+-------++-------
Melee: Flail             |    36 |       |       ||    36
       Headbutt          |     7 |    34 |    41 ||    82
       Short sword       |    12 |   152 |   153 ||   317
Throw: Dart              |       |     3 |     3 ||     6
Evoke: Wand              |       |       |     5 ||     5
  Use: Scroll            |     2 |       |     1 ||     3
       Potion            |       |       |     1 ||     1
Armor: Scale mail        |    25 |    44 |    26 ||    95
Dodge: Dodged            |    18 |    44 |    40 ||   102
Block: Buckler           |     3 |    19 |    24 ||    46

Table legend: (Time is in decaauts)
 A = Elapsed time spent in this place.
 B = Non-inter-level travel time spent in this place.
 C = Inter-level travel time spent in this place.
 D = Time resting spent in this place.
 E = Time spent auto-exploring this place.
 F = Levels seen in this place.
 G = Mean time per level.
                   A        B        C        D        E       F      G
               +--------+--------+--------+--------+--------+-----+--------+
         Total |   5379 |   5379 |      0 |   1012 |   2148 |   6 |  896.5 |
       Dungeon |   5379 |   5379 |      0 |   1012 |   2148 |   6 |  896.5 |
               +--------+--------+--------+--------+--------+-----+--------+

Top non-repeatable levels by time:
     D:2: 1185 daAuts
     D:4: 972 daAuts
     D:5: 950 daAuts
     D:1: 860 daAuts
     D:3: 856 daAuts
     D:6: 553 daAuts
